 Dungeon Crawl Stone Soup version 0.29-a0-1006-g0dd7720b37 (webtiles) character file.

Game seed: 1344344602672225426

1080 Elvalys the Cudgeller (level 8, -3/69 HPs)
             Began as a Minotaur Fighter on Aug 6, 2022.
             Killed from afar by a steam dragon (5 damage)
             ... with a ball of steam
             ... on level 6 of the Dungeon.
             The game lasted 00:40:02 (4688 turns).

Elvalys the Cudgeller (Minotaur Fighter)            Turns: 4688, Time: 00:40:02

Health: -3/69      AC: 16    Str: 20    XL:     8   Next: 8%
Magic:  7/7        EV:  9    Int:  9    God:
Gold:   179        SH:  5    Dex: 15    Spells: 7/7 levels left

rFire   + . .      SeeInvis +   J - +3 morningstar (flame)
rCold   . . .      Faith    .   c - +0 buckler
rNeg    . . .      Spirit   .   F - +6 scale mail "Damnable Contraption" {rC+ Int+4 Dex+2}
rPois   .          Reflect  .   (helmet restricted)
rElec   .          Harm     .   (no cloak)
rCorr   .          Rampage  .   q - +2 pair of gloves
Will    .....                   (no boots)
Stlth   ..........              (no amulet)
HPRegen 0.21/turn               p - ring of see invisible
MPRegen 0.10/turn               w - ring of fire

@: lethally poisoned (-3 -> -11)
A: horns 2, retaliatory headbutt
a: no special abilities


You were on level 6 of the Dungeon.
You visited 1 branch of the dungeon, and saw 6 of its levels.

You collected 179 gold pieces.

Inventory:

Hand Weapons
 J - a +3 morningstar of flaming (weapon)
 P - a +3 quarterstaff of chaos
 S - a +2 antimagic scythe
Missiles
 a - 5 curare-tipped darts
 m - 76 stones (quivered)
 t - 2 poisoned darts
 K - 4 javelins
 V - 7 boomerangs
Armour
 c - a +0 buckler (worn)
 q - a +2 pair of gloves (worn)
 C - an orb of wrath
 F - the +6 scale mail "Damnable Contraption" (worn) {rC+ Int+4 Dex+2}
   (You found it on level 2 of the Dungeon)

   Int:       It affects your intelligence (+4).
   Dex:       It affects your dexterity (+2).
   rC:        It protects you from cold.
Jewellery
 p - a ring of see invisible (left hand)
 w - a ring of fire (right hand)
Wands
 M - a wand of digging (3)
Scrolls
 b - a scroll of enchant armour {unknown}
 d - a scroll of butterflies {unknown}
 f - 3 scrolls of fear {unknown}
 h - 5 scrolls of identify
 j - a scroll of silence {unknown}
 k - a scroll of amnesia {unknown}
 l - 4 scrolls of noise {unknown}
 n - a scroll of torment {unknown}
 x - 3 scrolls of teleportation {unknown}
 G - a scroll of immolation {unknown}
 W - a scroll of blinking {unknown}
Potions
 e - 5 potions of curing {unknown}
 g - a potion of berserk rage {unknown}
 i - 2 potions of heal wounds {unknown}
 o - a potion of brilliance {unknown}
 r - a potion of invisibility {unknown}
 u - a potion of attraction {unknown}
 B - 2 potions of mutation
 I - 2 potions of might
 R - 2 potions of flight {unknown}
 X - a potion of degeneration {unknown}
 Z - a potion of lignification {unknown}


   Skills:
 + Level 5.5 Fighting
 - Level 4.8(6.5) Axes
 + Level 6.9(7.6) Maces & Flails
 + Level 6.3 Armour
 - Level 1.0 Dodging
 - Level 0.2 Stealth
 + Level 5.0 Shields


You had 7 spell levels left.
You didn't know any spells.
Your spell library contained the following spells:

 Spells                   Type           Power      Damage    Failure   Level
 Magic Dart               Conj           0%         1d3       80%         1
 Searing Ray              Conj           0%         2d4       90%         2
 Fulminant Prism          Conj/Hex       0%         3d6       100%        4
 Blade Hands              Tmut           0%         N/A       100%        5
 Irradiate                Conj/Tmut      0%         3d11      100%        5
 Dragon Form              Tmut           0%         N/A       100%        7


Dungeon Overview and Level Annotations

Branches:
Dungeon (6/15)
 Temple: D:4-7

Altars:
Trog

Annotations:
D:5 2 runed translucent doors


Innate Abilities, Weirdness & Mutations

You have a pair of horns on your head.
You reflexively headbutt those who attack you in melee.


Message History

The steam dragon breathes steam at you. The ball of steam hits you. You resist.
The gnoll barely misses you.
Unknown command.
The kobold brigand throws a poisoned dart.
The poisoned dart hits you!
You are poisoned.
You feel very sick.
The kobold brigand throws a poisoned dart.
You block the poisoned dart.
You feel sick. The steam dragon breathes steam at you.
The ball of steam hits you. You resist.
You feel sick.
The kobold brigand is engulfed in a cloud of scalding steam.
The gnoll hits you from afar with a +0 halberd.
You feel sick.
The kobold brigand throws a poisoned dart.
The poisoned dart hits you!
You are more poisoned.
The gnoll hits you from afar with a +0 halberd.
* * * LOW HITPOINT WARNING * * *
* * * LOW HITPOINT WARNING * * *
You feel very sick. The steam dragon breathes steam at you.
The ball of steam hits you. You resist.
* * * LOW HITPOINT WARNING * * *
* * * LOW HITPOINT WARNING * * *
You feel very sick.
The kobold brigand throws a poisoned dart.
The poisoned dart hits you!
You are lethally poisoned!
* * * LOW HITPOINT WARNING * * *
You feel very sick.
* * * LOW HITPOINT WARNING * * *
You feel very sick.
* * * LOW HITPOINT WARNING * * *
You feel sick. The steam dragon breathes steam at you.
The ball of steam hits you. You resist.
You die...

.......).##
#.......))..#
##........)..#
#............#
#............#
##............#
#.............#
#......o......#
#...@§DgK...###
#......§g..##
#.....§..###
####.§#.##
####.# ..# #.##
#.


You could see a steam dragon (catching breath), a kobold brigand, 2 gnolls and
an orc.

Vanquished Creatures
  The ghost of eyesofgods1 the Slasher, an amateur DsFi (D:5)
  Sigmund (D:3)
  A black bear (D:5)
  2 ogres
  A scorpion (D:4)
  A howler monkey (D:5)
  3 hounds
  Crazy Yiuf (D:3)
  A jelly (D:4)
  Terence (D:3)
  A gnoll (D:6)
  8 adders
  2 shadow imps
  A white imp (D:5)
  An ufetubus (D:3)
  A worm (D:5)
  3 dart slugs
  8 orcs
  11 ball pythons
  2 bats
  5 endoplasms
  A giant cockroach (D:4)
  5 goblins
  4 hobgoblins
  5 quokkas
  A frilled lizard (D:2)
  13 kobolds
  7 rats
92 creatures vanquished.

Vanquished Creatures (others)
  A gnoll (D:6)
  A fungus (D:1)
  2 plants (D:3)
4 creatures vanquished.

Grand Total: 96 creatures vanquished

Notes
Turn   | Place    | Note
-------+----------+-------------------------------------------
     0 | D:1      | Elvalys the Minotaur Fighter began the quest for the Orb.
     0 | D:1      | Reached XP level 1. HP: 19/19 MP: 0/0
   414 | D:2      | Reached XP level 2. HP: 25/27 MP: 1/1
   766 | D:1      | Reached XP level 3. HP: 33/33 MP: 2/2
  1095 | D:2      | Identified the +6 scale mail "Damnable Contraption" {rC+
                  | Int+4 Dex+2}
  1455 | D:3      | Noticed Terence
  1462 | D:3      | Killed Terence
  1463 | D:3      | Reached XP level 4. HP: 39/40 MP: 3/3
  1748 | D:3      | Found a runed translucent door.
  1749 | D:3      | Noticed Crazy Yiuf
  1760 | D:3      | Killed Crazy Yiuf
  1863 | D:3      | Reached XP level 5. HP: 44/47 MP: 4/4
  1865 | D:3      | Reached skill level 1 in Maces & Flails
  1935 | D:3      | Noticed Sigmund
  1942 | D:3      | Killed Sigmund
  1943 | D:3      | Reached skill level 5 in Armour
  1943 | D:3      | Reached XP level 6. HP: 53/53 MP: 5/5
  2016 | D:4      | Reached skill level 1 in Dodging
  2189 | D:4      | Found a bloodstained altar of Trog.
  2633 | D:4      | Reached XP level 7. HP: 60/60 MP: 6/6
  3303 | D:5      | Entered Level 5 of the Dungeon
  3329 | D:5      | Found a runed translucent door.
  3352 | D:5      | Found a runed translucent door.
  3486 | D:5      | Reached skill level 5 in Fighting
  3486 | D:5      | Reached skill level 5 in Maces & Flails
  3619 | D:5      | Found a runed translucent door.
  3620 | D:5      | Noticed eyesofgods1's ghost (amateur DsFi)
  3636 | D:5      | Killed eyesofgods1's ghost
  3647 | D:5      | Found a runed translucent door.
  4006 | D:5      | Reached skill level 5 in Shields
  4006 | D:5      | Reached XP level 8. HP: 37/69 MP: 7/7
  4688 | D:6      | HP: 2/69 [poisoned by a kobold brigand]
  4688 | D:6      | Killed from afar by a steam dragon

Illustrated notes

Levels and vault maps discovered:
D:1:      moated_graveyard_arrival, layout_basic,
          dilly_ecumenical_altar_fadedgnrine, minmay_shallow_snake_nest
D:2:      layout_rooms
D:3:      corexii_shack_village, layout_basic, uniq_terence, uniq_sigmund,
          uniq_crazy_yiuf_cottage
D:4:      layout_basic, nicolae_overflow_crystal_walls
D:5:      lemuel_insect_pit, layout_loops_ring, ebering_ghost_sewer_f,
          minivault_27
D:6:      layout_cave_pods, dk_xom_monty_hall, uniq_maggie

Skill      XL: |  1  2  3  4  5  6  7 |
---------------+----------------------+-----
Armour         | 4 5 6 |  6.3
Shields        | 4 5 |  5.0
Fighting       | 4 5 |  5.5
Axes           | 3 4 |  4.8
Maces & Flails | 2 4 6 |  6.9
Dodging        | 1 |  1.0
Stealth        | |  0.2

Action                   |  1- 3 |  4- 6 |  7- 9 || total
-------------------------+-------+-------+-------++-------
Melee: War axe           |    51 |       |       ||    51
       Headbutt          |     3 |    11 |     4 ||    18
       Morningstar       |       |    74 |    41 ||   115
  Use: Potion            |     1 |       |       ||     1
       Scroll            |       |       |     1 ||     1
Armor: Scale mail        |    43 |    40 |    33 ||   116
Dodge: Dodged            |    32 |    35 |    35 ||   102
Block: Buckler           |    25 |    18 |    20 ||    63

Table legend: (Time is in decaauts)
 A = Elapsed time spent in this place.
 B = Non-inter-level travel time spent in this place.
 C = Inter-level travel time spent in this place.
 D = Time resting spent in this place.
 E = Time spent auto-exploring this place.
 F = Levels seen in this place.
 G = Mean time per level.
                   A        B        C        D        E       F      G
               +--------+--------+--------+--------+--------+-----+--------+
         Total |   4756 |   4752 |      4 |      0 |   2372 |   6 |  792.7 |
       Dungeon |   4756 |   4752 |      4 |      0 |   2372 |   6 |  792.7 |
               +--------+--------+--------+--------+--------+-----+--------+

Top non-repeatable levels by time:
     D:4: 1306 daAuts
     D:5: 1226 daAuts
     D:2: 807 daAuts
     D:1: 666 daAuts
     D:3: 568 daAuts
     D:6: 180 daAuts
